 Dungeon Crawl Stone Soup version 0.20.1-1-g8b1a95d (webtiles) character file.

11 zezblit the Ducker (level 2, 0/13 HPs)
             Began as a Spriggan Conjurer on Oct 27, 2017.
             Slain by a leopard gecko (2 damage)
             ... on level 1 of the Dungeon.
             The game lasted 00:06:05 (820 turns).

zezblit the Ducker (Spriggan Conjurer)               Turns: 820, Time: 00:06:05

Health: 0/13       AC:  2    Str:  4    XL:     2   Next: 13%
Magic:  6/6        EV: 18    Int: 16    God:
Gold:   47         SH:  0    Dex: 16    Spells: 3/6 levels left

rFire    . . .     SeeInvis +   e - +0 dagger
rCold    . . .     Gourm    .   (shield restricted)
rNeg     . . .     Faith    .   a - +0 robe
rPois    .         Spirit   .   (helmet restricted)
rElec    .         Reflect  .   (no cloak)
rCorr    .         Harm     .   (gloves unavailable)
MR       .....                  (boots unavailable)
Stlth    ++........             (no amulet)
Regen    0.1/turn               (no ring)
MPRegen  0.1/turn               (no ring)

@: very quick
A: unfitting armour, see invisible, herbivore 3, speed 3, slow metabolism 2
a: no special abilities


You were on level 1 of the Dungeon.
You were not hungry.

You visited 1 branch of the dungeon, and saw 1 of its levels.

You collected 47 gold pieces.

Inventory:

Hand Weapons
 d - a +0 club
 e - a +0 dagger (weapon)
Armour
 a - a +0 robe (worn)
Scrolls
 g - a scroll of immolation {unknown}
Books
 b - a book of Conjurations

   Spells                             Type                      Level
   a - Magic Dart                     Conjuration                  1
   b - Searing Ray                    Conjuration                  2
   c - Dazzling Spray                 Conjuration/Hexes            3
   d - Fulminant Prism                Conjuration/Hexes            4
   e - Force Lance                    Conjuration/Translocation    4
   f - Iskenderun's Mystic Blast      Conjuration                  4
Comestibles
 c - 2 bread rations
 f - a royal jelly


   Skills:
 + Level 0.1 Fighting
 + Level 3.2 Dodging
 + Level 3.0 Stealth
 + Level 2.7 Spellcasting
 + Level 3.2 Conjurations


You had 3 spell levels left.
You knew the following spells:

 Your Spells              Type           Power        Failure   Level  Hunger
a - Magic Dart            Conj           ##..         4%          1    #......
b - Searing Ray           Conj           ##....       8%          2    ##.....


Dungeon Overview and Level Annotations

Branches:
Dungeon (1/15)

Altars:


Innate Abilities, Weirdness & Mutations

You are very small and have problems with some larger weapons.
You are too small for most types of armour.
You have supernaturally acute eyesight. (SInv)
You are a herbivore.
You cover ground extremely quickly.
You need consume almost no food.


Message History

The leopard gecko closely misses you.
The leopard gecko completely misses you.
The leopard gecko completely misses you.
The leopard gecko bites you. The leopard gecko barely misses you.
The leopard gecko misses you. The leopard gecko bites you.
The leopard gecko bites you.
* * * LOW HITPOINT WARNING * * *
The leopard gecko bites you.
* * * LOW HITPOINT WARNING * * *
The leopard gecko misses you. x2
The leopard gecko barely misses you.
The leopard gecko completely misses you.
The leopard gecko closely misses you. The leopard gecko barely misses you.
The leopard gecko misses you. The leopard gecko barely misses you.
The leopard gecko barely misses you. The leopard gecko closely misses you.
The leopard gecko bites you.
You die...

###.# #.# #.# ######### #.# # #.#
#.......# #.# # #.# #.#####.# #.#
######### # #.#
#.#####.####.###.......# # #.#
...................###.# ###.#
#..#####.##.....#.#.###.# ....#
#..#####.###...##.#...... ######
#......l@# ##.###.#####.# .....#
#.######## #.# #.#####.# ####.#
#.# #.# #.......# ## #.# #.#
##'########### .# #.# #.# ##...##
### .# #.# ##.### ##.....## ##..
.# #.# #..#.## ##..>.>.(## ##..#
.###.###.#...####.........###..##
#...............+.........'.....#


You could see a leopard gecko.

Vanquished Creatures
  A dart slug (D:1)
  2 giant cockroaches (D:1)
  A goblin (D:1)
  2 hobgoblins (D:1)
  A bat (D:1)
  A frilled lizard (D:1)
8 creatures vanquished.

Notes
Turn   | Place    | Note
-------+----------+-------------------------------------------
     0 | D:1      | zezblit the Spriggan Conjurer began the quest for the Orb.
     0 | D:1      | Reached XP level 1. HP: 9/9 MP: 5/5
   460 | D:1      | Reached XP level 2. HP: 13/13 MP: 1/6
   467 | D:1      | Learned a level 2 spell: Searing Ray
   820 | D:1      | Slain by a leopard gecko

Skill      XL: |  1 |
---------------+----+-----
Conjurations   | 3 |  3.2
Fighting       | |  0.1
Dodging        | |  3.2
Stealth        | |  3.0
Spellcasting   | |  2.7

Action                   || total
-------------------------++-------
Melee: Unarmed           ||    26
       Dagger            ||     9
 Cast: Magic Dart        ||    19
       Searing Ray       ||     1
  Use: Potion            ||     1
Armor: Robe              ||     4
Dodge: Dodged            ||    46
